 Dungeon Crawl Stone Soup version 0.29.1-12-g30fa7ad0bf (webtiles) character file.

Game seed: 10679224909272458570

2817 H0rd4k the Trooper (level 9, -3/63 HPs)
             Began as an Octopode Artificer on Dec 13, 2022.
             Was an Initiate of Gozag.
             Slain by a wyvern (9 damage)
             ... on level 8 of the Dungeon.
             The game lasted 00:12:28 (10280 turns).

H0rd4k the Trooper (Octopode Artificer)            Turns: 10280, Time: 00:12:29

Health: -3/63      AC:  5    Str: 11    XL:     9   Next: 72%
Magic:  17/17      EV: 13    Int: 18    God:    Gozag
Gold:   1159       SH:  0    Dex: 12    Spells: 11/18 levels left

rFire   . . .      SeeInvis .     - Unarmed
rCold   . . .      Faith    .   (no shield)
rNeg    . . .      Spirit   .   (helmet restricted)
rPois   .          Reflect  .   (no amulet)
rElec   .          Harm     .   n - ring of wizardry
rCorr   .          Rampage  .   d - +4 ring of protection
Will    .....                   (no ring)
Stlth   +++.......              (no ring)
HPRegen 0.20/turn               (no ring)
MPRegen 0.15/turn               (no ring)
                                (no ring)
                                (no ring)

@: no status effects
A: almost no armour, amphibious, 8 rings, camouflage 1, gelatinous body 1,
(nimble swimmer 1), tentacles
a: Renounce Religion, Potion Petition, Call Merchant, Bribe Branch


You were on level 8 of the Dungeon.
You worshipped Gozag.
Gozag was most pleased with you.
You visited 1 branch of the dungeon, and saw 8 of its levels.

You collected 1183 gold pieces.
You paid 24 gold pieces to Gozag.

Inventory:

Missiles
 f - 8 poisoned darts
Magical Staves
 p - a staff of fire
 G - a staff of air
Jewellery
 d - a +4 ring of protection (right tentacle)
 n - a ring of wizardry (left tentacle)
Wands
 c - a wand of charming (9)
 u - a wand of paralysis (1)
 D - a wand of polymorph (5)
 E - a wand of roots (10)
Scrolls
 a - 3 scrolls of teleportation {unknown}
 e - 2 scrolls of poison
 g - 3 scrolls of immolation {unknown}
 j - 3 scrolls of amnesia
 l - a scroll of noise {unknown}
 m - 2 scrolls of butterflies
 r - a scroll of blinking {unknown}
 v - a scroll of torment
 w - a scroll of magic mapping
 x - a scroll of fear
 y - a scroll of brand weapon {unknown}
 A - a scroll of enchant armour
 C - a scroll of silence
 F - a scroll of vulnerability
Potions
 b - 2 potions of might
 h - a potion of brilliance {unknown}
 i - 2 potions of cancellation
 k - a potion of berserk rage
 q - 2 potions of attraction
 s - a potion of magic {unknown}
 t - a potion of mutation {unknown}
 z - a potion of haste {unknown}
 B - a potion of heal wounds


   Skills:
 * Level 6.9 Fighting
 + Level 4.6 Throwing
 - Level 2.3 Dodging
 - Level 1.3 Stealth
 - Level 6.8 Unarmed Combat
 * Level 5.4 Spellcasting
 - Level 3.3 Air Magic
 - Level 3.2 Evocations


You had 11 spell levels left.
You knew the following spells:

 Your Spells              Type           Power      Damage    Failure   Level
a - Airstrike             Air            8%         2d(2-18)  12%         4
b - Swiftness             Air            17%        N/A       4%          3

Your spell library contained the following spells:

 Spells                   Type           Power      Damage    Failure   Level
 Shock                    Conj/Air       44%        1d5       2%          1


Dungeon Overview and Level Annotations

Branches:
Dungeon (8/15)             Temple (0/1) D:7
   Lair: D:8-11

Altars:
Ashenzari
Gozag
The Shining One

Shops:
D:4 !

Annotations:
D:4 exclusions: orc and 2 yaks
D:6 3 runed translucent doors, exclusion: 3 doors, WobbleTop's ghost, novice OpVM
D:7 Maggie
D:8 exclusion: orc warrior


Innate Abilities, Weirdness & Mutations

You cannot wear most types of armour.
You are amphibious.
You can wear up to eight rings at the same time.
Your skin changes colour to match your surroundings (Stealth+).
Your rubbery body absorbs attacks. (AC +1, EV +1)
((You are camouflaged when in or above water. (Stealth+)))
You have tentacles for arms and can constrict up to eight enemies at once.


Message History

You kill the orc!
Cast which spell? (? or * to list)
Aiming: Airstrike (dangerous; 12% risk of failure)
Press: ? - help, Dir - move target, f - orc wizard
Aim: an orc wizard, wielding a +0 dagger and wearing a +0 robe (empty space bonus: 1/8)
Okay, then.
Unknown command.
You tentacle-slap the wyvern but do no damage.
The wyvern is distracted by your dazzling golden aura.
You closely miss the wyvern.
The wyvern is no longer distracted by gold.
Your tentacle-slap misses the wyvern.
The wyvern is distracted by your dazzling golden aura.
The wyvern hisses angrily.
You tentacle-slap the wyvern.
The wyvern is no longer distracted by gold.
The wyvern is lightly wounded.
The wyvern barely misses you.
You closely miss the wyvern. You tentacle-slap the wyvern.
You squeeze the wyvern.
The wyvern is heavily wounded.
The wyvern barely misses you.
You tentacle-slap the wyvern.
The wyvern is heavily wounded.
The wyvern barely misses you. The wyvern closely misses you.
You tentacle-slap the wyvern.
The wyvern is heavily wounded.
The wyvern closely misses you.
You tentacle-slap the wyvern. You squeeze the wyvern.
The wyvern is severely wounded.
The wyvern closely misses you.
You tentacle-slap the wyvern but do no damage.
The wyvern is severely wounded.
The wyvern bites you! x2
* * * LOW HITPOINT WARNING * * *
You barely miss the wyvern.
The wyvern is severely wounded.
The wyvern bites you!
You die...
Your body crumbles into a pile of gold.

#..# #..# ######..#
#.......#####.
#.............
#....#o#######
#(...#o# #....#l#
#....#@# ####
#....#.# #....
######.#########....
#....>.......#
#..........#
#.........####
#............#####
#.........##......
####.........########


You could see a wyvern, an orc wizard and an orc.

Vanquished Creatures
  Sigmund (D:6)
  4 water moccasins
  3 ice beasts
  A sky beast (D:6)
  3 black bears
  A centaur (D:8)
  A phantom (D:5)
  3 bullfrogs
  3 scorpions
  A howler monkey (D:6)
  7 hounds
  2 jellies
  4 orc priests
  2 gnoll boudas
  Natasha (twice) (D:3)
  5 iguanas
  3 orc wizards
  Robin (D:3)
  10 gnolls
  9 adders
  A shadow imp (D:6)
  A white imp (D:6)
  An ufetubus (D:5)
  A worm (D:3)
  25 orcs
  12 ball pythons
  7 endoplasms
  2 giant cockroaches
  15 goblins
  12 hobgoblins
  4 quokkas
  4 bats
  3 frilled lizards
  A kobold (D:1)
  7 rats
162 creatures vanquished.

Vanquished Creatures (collateral kills)
  An endoplasm (D:3)
  2 goblins (D:3)
3 creatures vanquished.

Vanquished Creatures (others)
  An orc priest (D:6)
  An iguana (D:4)
  Natasha (D:3)
  An orc wizard (D:6)
4 creatures vanquished.

Grand Total: 169 creatures vanquished

Notes
Turn   | Place    | Note
-------+----------+-------------------------------------------
     0 | D:1      | H0rd4k the Octopode Artificer began the quest for the Orb.
     0 | D:1      | Reached XP level 1. HP: 13/13 MP: 1/1
   394 | D:1      | Reached XP level 2. HP: 10/18 MP: 3/3
   402 | D:1      | Reached skill level 1 in Spellcasting
  1246 | D:2      | Reached XP level 3. HP: 24/24 MP: 3/5
  1375 | D:2      | Reached skill level 1 in Unarmed Combat
  1924 | D:2      | Found an opulent altar of Gozag.
  1937 | D:2      | Reached XP level 4. HP: 8/30 MP: 6/6
  1938 | D:2      | Became a worshipper of Gozag Ym Sagoz the Greedy
  2719 | D:3      | Noticed Robin
  2888 | D:3      | Noticed Natasha
  2909 | D:3      | Your ally Natasha died
  3014 | D:3      | Killed Robin
  3015 | D:3      | Reached XP level 5. HP: 21/35 MP: 8/8
  3188 | D:3      | Noticed an ice beast
  3202 | D:3      | Killed an ice beast
  3534 | D:3      | Noticed Natasha
  3542 | D:3      | Killed Natasha
  3543 | D:3      | Reached XP level 6. HP: 31/42 MP: 9/9
  3884 | D:3      | Found a faded altar of an unknown god.
  4027 | D:3      | Noticed Natasha
  4045 | D:3      | Killed Natasha
  4419 | D:4      | Found Susinwoz's Distillery.
  4497 | D:4      | Reached skill level 1 in Throwing
  5000 | D:4      | Reached XP level 7. HP: 31/46 MP: 11/11
  5294 | D:4      | Noticed a yak
  5294 | D:4      | Noticed a yak
  5470 | D:5      | Entered Level 5 of the Dungeon
  5624 | D:5      | Reached skill level 5 in Unarmed Combat
  5700 | D:5      | Found an opulent altar of Gozag.
  5705 | D:5      | Found a glowing golden altar of the Shining One.
  5944 | D:5      | Reached XP level 8. HP: 49/54 MP: 13/13
  6036 | D:5      | Learned a level 4 spell: Airstrike
  6621 | D:5      | Reached skill level 1 in Air Magic
  6753 | D:5      | Learned a level 3 spell: Swiftness
  6769 | D:6      | Noticed Sigmund
  6775 | D:6      | Killed Sigmund
  6829 | D:6      | Noticed a wraith
  7069 | D:6      | Noticed WobbleTop's ghost (novice OpVM)
  7574 | D:6      | Found a runed translucent gate.
  7574 | D:6      | Found a runed translucent gate.
  7576 | D:6      | Found a runed translucent gate.
  7737 | D:6      | Reached skill level 5 in Fighting
  7737 | D:6      | Reached XP level 9. HP: 25/61 MP: 15/15
  8656 | D:7      | Reached skill level 5 in Spellcasting
  8765 | D:7      | Found a staircase to the Ecumenical Temple.
  8849 | D:7      | Found a broken altar of Ashenzari.
  8995 | D:7      | Noticed Maggie
 10280 | D:8      | Slain by a wyvern

Illustrated notes

Levels and vault maps discovered:
D:1:      nicolae_arrival_memento_mori, layout_rooms
D:2:      layout_loops_ring, basic_altar
D:3:      layout_basic, nicolae_ecumenical_snake_handling,
          kennysheep_cross_bottleneck, uniq_natasha, uniq_robin
D:4:      layout_basic, chequers_garden, nicolae_take_the_stairs
D:5:      kennysheep_six_static_rooms, layout_cave_pools,
          chequers_temple_overflow_statue_of_worship
D:6:      layout_basic, gammafunk_ghost_split, uniq_sigmund
D:7:      layout_basic, overflow_temple_1_default, minmay_temple_entry_mist,
          serial_curves, eino_curves_04, eino_curves_04, uniq_maggie
D:8:      layout_rooms

Skill      XL: |  1  2  3  4  5  6  7  8  9 |
---------------+----------------------------+-----
Spellcasting   | 1 2 3 4 5 |  5.4
Fighting       | 2 3 4 5 6 |  6.9
Unarmed Combat | 1 2 3 4 5 6 |  6.8
Throwing       | 1 2 3 4 |  4.6
Air Magic      | 2 3 |  3.3
Dodging        | |  2.3
Stealth        | |  1.3
Evocations     | |  3.2

Action                   |  1- 3 |  4- 6 |  7- 9 || total
-------------------------+-------+-------+-------++-------
Melee: Unarmed           |    98 |   117 |   263 ||   478
       Tentacles         |    21 |    33 |    68 ||   122
       Constrict         |    20 |    32 |    51 ||   103
       Punch             |       |     3 |    12 ||    15
Throw: Dart              |       |    34 |    11 ||    45
Evoke: Wand              |     5 |    10 |    34 ||    49
  Use: Potion            |       |     1 |     1 ||     2
       Scroll            |       |       |    12 ||    12
 Stab: Sleeping          |     3 |     5 |     5 ||    13
       Distracted        |       |     1 |     1 ||     2
       Paralysed         |       |       |     6 ||     6
Armor: Skin              |    10 |     3 |    24 ||    37
Dodge: Dodged            |    61 |    54 |   135 ||   250
